Map: Sueño eterno EE

Players

MASTERMIND

  • Race: Protoss Protoss
  • League: Gold
  • Spawn Location: 7:00

MrFercho - Winner!

  • Race: Zerg Zerg
  • League: Silver
  • Spawn Location: 1:00

VOD

Have the link to the VOD?

Description

Time

  • Played on: July 4, 2020, 12:24 p.m.
  • Length: 17:43
Show
View Real Time Build Order
Export as new Build Order

MASTERMIND Protoss 

Build Orders:  

Get SALT Encoding   

  12  0:03  Probe  
  13  0:15  Probe  
  14  0:23  Pylon  
  14  0:28  Probe  
  15  0:41  Probe  
  16  0:44  Forge  
  16  0:53  Probe  
  17  1:06  Probe  
  17  1:08  Pylon  
  18  1:18  Probe  
  19  1:39  Gateway  
  19  1:57  Pylon  
  19  2:07  Nexus  
  19  2:09  Probe  
  20  2:22  Assimilator  
  20  2:25  Photon Cannon  
  20  2:27  Photon Cannon  
  20  2:31  Photon Cannon  
  20  2:35  Gateway  
  20  2:41  Gateway  
  20  2:50  Probe  
  21  2:54  Assimilator  
  21  3:02  Probe  
  22  3:09  Pylon  
  22  3:14  Pylon  
  22  3:19  Probe  
  23  3:24  Probe  
  24  3:31  Probe  
  25  3:35  Cybernetics Core  
  25  3:36  Probe  
  26  3:41  Pylon  
  26  3:44  Probe  
  26  3:48  Probe  
  28  3:56  Probe  
  29  4:08  Probe  
  30  4:12  Photon Cannon  
  30  4:20  Probe  
  31  4:24  Robotics Facility  
  31  4:32  Probe  
  31  4:37  Gateway  
  32  4:39  Warp Gate  
  32  4:41  Probe x2  
  34  4:49  Probe x2  
  34  4:57  Probe  
  34  4:58  Probe  
  34  4:59  Pylon  
  38  5:14  Probe  
  39  5:21  Assimilator  
  39  5:22  Probe  
  39  5:25  Immortal  
  39  5:26  Probe  
  45  5:30  Photon Cannon  
  45  5:34  Probe  
  46  5:36  Stargate  
  46  5:38  Probe  
  47  5:46  Probe  
  48  5:51  Pylon  
  48  5:55  Probe  
  49  6:05  Assimilator  
  49  6:11  Nexus  
  49  6:17  Stalker  
  51  6:22  Probe  
  52  6:26  Photon Cannon  
  52  6:32  Pylon  
  52  6:41  Gateway  
  52  6:42  Phoenix  
  54  6:48  Photon Cannon  
  54  6:53  Pylon  
  54  6:57  Protoss Ground Weapons Level 1  
  54  7:02  Stalker  
  54  7:03  Zealot  
  54  7:04  Zealot  
  60  7:22  Pylon  
  60  7:24  Probe  
  61  7:31  Gateway  
  61  7:35  Probe  
  62  7:38  Photon Cannon  
  62  7:41  Probe  
  62  7:44  Probe  
  64  7:51  Phoenix  
  64  7:52  Probe  
  64  7:53  Probe  
  68  7:59  Stalker  
  68  8:00  Stalker x2  
  68  8:01  Zealot  
  76  8:24  Probe  
  77  8:30  Stalker  
  79  8:35  Fleet Beacon  
  79  8:36  Probe  
  80  8:42  Stargate  
  80  8:46  Stalker  
  80  8:47  Stalker  
  84  8:48  Stalker  
  84  8:50  Sentry  
  88  8:58  Sentry  
  88  9:01  Probe  
  91  9:09  Pylon  
  91  9:13  Probe  
  91  9:15  Assimilator  
  92  9:18  Zealot x3  
  92  9:19  Zealot  
  100  9:25  Probe  
  100  9:27  Twilight Council  
  100  9:29  Tempest  
  106  9:32  Tempest  
  106  9:37  Probe  
  112  9:41  Protoss Shields Level 1  
  112  9:47  Stalker x2  
  112  9:48  Stalker x2  
  112  9:49  Probe, Zealot  
  123  10:01  Probe  
  123  10:03  Mothership  
  124  10:14  Pylon, Probe  
  125  10:18  Pylon  
  133  10:32  Tempest, Probe  
  133  10:33  Pylon  
  139  10:36  Tempest  
  139  10:38  Pylon  
  144  10:44  Protoss Air Weapons Level 1, Probe  
  144  10:45  Photon Cannon  
  144  10:48  Photon Cannon  
  145  10:55  Assimilator  
  145  10:59  Pylon  
  145  11:37  Nexus  
  145  11:43  Tempest  
  145  11:45  Carrier  
  156  12:08  Pylon  
  156  12:14  Pylon  
  156  12:38  Photon Cannon  
  156  12:40  Photon Cannon  
  126  12:53  Tempest x2  
  115  13:06  Zealot x3  
  115  13:07  Zealot x2  
  125  13:16  Photon Cannon  
  125  13:17  Photon Cannon  
  125  13:19  Photon Cannon  
  125  13:22  Photon Cannon  
  125  13:25  Void Ray  
  125  13:26  Void Ray  
  133  13:55  Stargate  
  133  14:04  Zealot x3  
  133  14:05  Zealot x2  
  133  14:09  Carrier  
  149  14:10  Charge  
  149  14:29  Nexus  
  149  14:33  Protoss Air Armor Level 1, Probe  
  150  14:39  Zealot x2  
  150  14:40  Zealot x2  
  150  14:41  Zealot  
  150  14:43  Carrier  
  150  14:45  Protoss Shields Level 2, Carrier  
  160  14:52  Probe  
  136  15:52  Tempest  
Show
View Real Time Build Order
Export as new Build Order

MrFercho Zerg - Winner!

Build Orders: Hatch First, Lurkers 

Get SALT Encoding   

  12  0:01  Drone  
  13  0:13  Overlord  
  13  0:16  Drone  
  14  0:31  Drone x2  
  16  0:40  Drone  
  17  0:58  Hatchery  
  17  0:59  Drone  
  17  1:00  Drone  
  18  1:20  Spawning Pool  
  17  1:29  Drone  
  18  1:46  Drone x2  
  20  1:51  Extractor  
  19  2:06  Drone x2  
  21  2:12  Drone  
  21  2:14  Queen  
  27  2:22  Drone x3  
  27  2:32  Overlord  
  27  2:33  Drone  
  28  2:42  Overlord  
  28  2:50  Queen  
  30  2:56  Lair  
  30  2:59  Drone x3  
  33  3:07  Drone x2  
  35  3:21  Drone x2  
  35  3:22  Drone  
  38  3:29  Roach Warren  
  38  3:33  Queen  
  39  3:34  Overlord  
  39  3:35  Overlord x2  
  39  3:38  Drone  
  40  3:47  Extractor  
  40  3:48  Drone x3  
  42  3:49  Extractor  
  41  3:59  Drone x2  
  43  4:09  Glial Reconstitution, Evolution Chamber  
  42  4:22  Drone x7  
  49  4:34  Zerg Missile Weapons Level 1  
  49  4:38  Roach x2  
  53  4:44  Spine Crawler  
  52  4:46  Spine Crawler, Spore Crawler  
  52  4:47  Drone  
  52  4:48  Drone x2  
  52  4:50  Drone x3  
  52  4:51  Drone  
  57  4:53  Extractor  
  56  5:10  Roach  
  56  5:11  Roach x4  
  66  5:23  Roach  
  66  5:24  Overlord  
  66  5:25  Overlord x2  
  66  5:27  Hatchery  
  67  5:47  Evolution Chamber  
  67  5:48  Roach x5  
  76  6:00  Overseer  
  76  6:03  Overlord x3  
  76  6:04  Hydralisk Den  
  76  6:05  Drone x3  
  78  6:13  Drone x2  
  80  6:34  Drone x7  
  87  6:48  Hydralisk x3  
  93  6:54  Overlord x2  
  93  6:56  Drone  
  94  7:07  Hatchery  
  93  7:19  Pneumatized Carapace  
  93  7:36  Drone x3  
  93  7:37  Drone x6  
  102  7:48  Grooved Spines  
  102  7:59  Lurker Den  
  102  8:03  Spire  
  100  8:07  Infestation Pit  
  100  8:11  Zerg Missile Weapons Level 2, Zerg Ground Armor Level 1  
  99  8:27  Extractor  
  99  8:28  Extractor  
  99  8:31  Queen  
  99  8:46  Drone x8  
  99  8:47  Drone x16  
  123  8:59  Muscular Augments  
  123  9:06  Drone  
  123  9:07  Drone x3  
  123  9:08  Hatchery  
  123  9:09  Overlord x8  
  126  9:14  Hydralisk x5  
  136  9:27  Hive  
  136  9:32  Zerg Flyer Weapons Level 1  
  136  9:47  Extractor  
  136  9:48  Extractor  
  134  10:26  Hydralisk  
  134  10:27  Hydralisk x21  
  134  10:28  Hydralisk  
  180  10:31  Queen  
  182  10:35  Corruptor  
  182  10:36  Corruptor x2  
  188  11:08  Corruptor x6  
  200  11:30  Zerg Missile Weapons Level 3, Zerg Ground Armor Level 2  
  200  12:17  Greater Spire  
  200  12:18  Extractor  
  200  12:19  Hatchery  
  198  12:23  Extractor  
  167  13:10  Lurker x3  
  167  13:11  Lurker x6  
  176  13:13  Hydralisk  
  176  13:14  Hydralisk x11  
  130  16:22  Corruptor  
  130  16:23  Corruptor x25  
  130  16:24  Corruptor x14  
  130  16:25  Corruptor  
  190  16:39  Corruptor x6  
Tags
 
Composition
Lurkers
Matchup
PvZ
Replay Pack
MrFercho
Spawn Locations
Cross Positions
Add a new tag
Caveats
  • Supply blocks, unpowered buildings, or Contaminate may cause inaccurate times.
  • Supply counts are checked every 10 seconds.